[Event "*** Titled Tuesday Blitz"]
[Site "Chess.com"]
[Date "2021.02.16"]
[Round "8"]
[White "swisspower96"]
[Black "A-Fier"]
[Result "1-0"]
[WhiteElo "2651"]
[BlackElo "2791"]
[TimeControl "180+1"]
[EndTime "11:30:01 PST"]
[Termination "swisspower96 won by resignation"]

1. d4 Nf6 2. c4 c5 3. d5 e6 4. Nc3 exd5 5. cxd5 d6 6. Nf3 g6 7. Bf4 Bg7 8. Qa4+ Bd7 9. Qb3 Qc7 10. e4 O-O 11. Nd2 Nh5 12. Be3 f5 13. exf5 gxf5 14. Be2 f4 15. Bxc5 Qxc5 16. Bxh5 Na6 17. O-O b5 18. Nde4 Qb6 19. Ng5 Nc5 20. Qd1 Rf5 21.
Ne6 Nxe6 22. dxe6 Bxe6 23. Bg4 Raf8 24. Re1 Be5 25. Nd5 Qb7 26. Bxf5 Rxf5 27. Qg4+ Kf7 28. Nc3 h6 29. Ne4 h5 30. Qh3 Kg6 31. Nxd6 Qd5 32.
Rad1 Qc5 33. Nxf5 Bxf5 34. Qa3 b4 35. Qa6+ Kg5 36. Qe2 Bf6 37. Qf3 Qc4 38. Qd5 Qc2 39. Qg8+ Kh6 40. Rd6 Qxb2 41. Qf8+ Kg6 42. h4 Qc3 43.
Re7 Bg4 44. Rg7+ Kf5 45. Rf7 Bf3 46. Rfxf6+ Kg4 47. Qg7+ Kxh4 48. Rxf4+ Bg4 49. Rxg4+ hxg4 50. Qxc3 g3 51. Rc6 bxc3 52. fxg3+ Kg4 53. Rxc3 1-0

[Event "*** Titled Tuesday Blitz"]
[Site "Chess.com"]
[Date "2021.02.16"]
[Round "8"]
[White "DJojua"]
[Black "hypert"]
[Result "1-0"]
[WhiteElo "2744"]
[BlackElo "2509"]
[TimeControl "180+1"]
[EndTime "11:30:01 PST"]
[Termination "DJojua won by checkmate"]

1. d4 d5 2. Bf4 c5 3. e3 Nc6 4.
Nf3 Nf6 5. c3 Qb6 6. Qb3 c4 7.
Qc2 Bf5 8. Qc1 e6 9. h3 h6 10. Be2 Be7 11. O-O O-O 12. Nbd2 Qd8 13. Ne5 Nxe5 14. Bxe5 b5 15. Bd1 a5 16. Bc2 Bxc2 17.
Qxc2 b4 18. Rfe1 Nd7 19. Bg3 f5 20. Nf3 Nf6 21. Ne5 Ne4 22. Bh2 Bf6 23. f3 Bxe5 24.
Bxe5 Ng5 25. a3 Nf7 26. Bh2 Qb6 27. e4 fxe4 28. fxe4 Ng5 29. exd5 exd5 30. axb4 axb4 31. Rxa8 Rxa8 32. Qf5 Qb7 33. Rf1 bxc3 34. bxc3 Re8 35. Be5 Ne4 36. Qg6 Re7 37. Kh2 Rf7 38. Ra1 Nxc3 39.
Ra6 Ne4 40. Rb6 Qd7 41. Rd6 Qe8 42. Bxg7 Nxd6 43. Bf6+ Kf8 44. Qxh6+ Kg8 45. Qh8# 1-0

[Event "*** Titled Tuesday Blitz"]
[Site "Chess.com"]
[Date "2021.02.16"]
[Round "8"]
[White "ajdemipopushi"]
[Black "xberli"]
[Result "1-0"]
[WhiteElo "2376"]
[BlackElo "2487"]
[TimeControl "180+1"]
[EndTime "11:30:01 PST"]
[Termination "ajdemipopushi won on time"]

1. Nf3 g6 2. g3 b6 3. Bg2 Bb7 4. O-O Bg7 5. c4 Nf6 6. d4 O-O 7. d5 c6 8. Nc3 cxd5 9. cxd5 d6 10. Nd4 Nbd7 11. Nc6 Qe8 12. Nb5 Ne5 13. Nc7 Qd7 14. Nxa8 Bxa8 15. Nxe5 dxe5 16. e4 e6 17. dxe6 Qxe6 18.
h3 Bxe4 19. Qe2 Bxg2 20. Kxg2 Qc6+ 21. Kh2 Nd7 22. Be3 Re8 23. Rac1 Qb7 24. Rfd1 Nf8 25.
Qb5 Rc8 26. Rxc8 Qxc8 27. Rc1 Qd8 28. Qc6 h5 29. Qc7 Qd5 30. Qxa7 h4 31. g4 b5 32. Qc5 Qxa2 33. Qxb5 e4 34. b4 Ne6 35. Qc4 Qb2 36. Qxe4 Be5+ 37. Kg2 Bd6 38. Rc6 Qxb4 39. Qxb4 Bxb4 40.
f4 Kg7 41. Kf3 Be7 42. f5 1-0

[Event "*** Titled Tuesday Blitz"]
[Site "Chess.com"]
[Date "2021.02.16"]
[Round "8"]
[White "Alexander_Zubov"]
[Black "kayrakamer"]
[Result "0-1"]
[WhiteElo "2975"]
[BlackElo "2719"]
[TimeControl "180+1"]
[EndTime "11:30:02 PST"]
[Termination "kayrakamer won on time"]

1. d4 Nf6 2. c4 g6 3. Nf3 Bg7 4.
Nc3 O-O 5. e4 d6 6. Be2 Bg4 7. Be3 Nfd7 8. Rc1 c5 9. d5 Na6 10. O-O Nc7 11. a4 Re8 12. Ng5 Bxe2 13. Qxe2 h6 14. Nf3 e6 15. dxe6 Nxe6 16. Rfd1 Ne5 17. Nb5 Nxf3+ 18. Qxf3 Bxb2 19. Rb1 Bd4 20. Bxh6 Qh4 21. Be3 Be5 22. g3 Qe7 23. Rd5 a6 24. Na3 Nd4 25. Qd1 Bg7 26. Bxd4 Bxd4 27. Nc2 Bg7 28. f3 Rad8 29. Qd3 Qc7 30. Kg2 Qd7 31.
Qb3 f5 32. exf5 Re2+ 33. Kh1 Rde8 34. Qd3 Bf6 35. Rxd6 Qh7 36. h4 Bxh4 37. Rxg6+ Kh8 38. Kg1 Bf6 0-1

[Event "*** Titled Tuesday Blitz"]
[Site "Chess.com"]
[Date "2021.02.16"]
[Round "8"]
[White "noblerone"]
[Black "barbara25"]
[Result "1-0"]
[WhiteElo "2393"]
[BlackElo "2238"]
[TimeControl "180+1"]
[EndTime "11:30:02 PST"]
[Termination "noblerone won by resignation"]

1. d4 Nf6 2. Nf3 e6 3. Bg5 d5 4.
Nbd2 Be7 5. e3 b6 6. Bd3 Nbd7 7. O-O O-O 8. c3 c5 9. Ne5 Bb7 10. f4 Ne4 11. Bxe7 Qxe7 12. Nxd7 Qxd7 13. Nf3 f6 14. a4 a6 15. Qc2 b5 16. Bxe4 dxe4 17. Nd2 cxd4 18. cxd4 f5 19. Nb3 Bd5 20. Nc5 Qc6 21.
b3 Rfb8 22. Rfb1 bxa4 23. bxa4 a5 24. Qc3 Qc7 25. h3 h5 26. Kh2 h4 27. Qe1 Qd8 28. Rxb8 Rxb8 29. Rb1 Rxb1 30. Qxb1 Kh7 31. Qb5 Kh6 32.
Nd7 g6 33. Ne5 Qc7 34. Qe8 Qg7 35. Qd8 Qb7 36. Qxh4+ Kg7 37. Qg5 Bb3 38. Qxg6+ Kf8 39. Qf6+ Kg8 40. Ng6 Qg7 41. Qd8+ Kh7 42. Ne5 Bxa4 43.
Qxa5 Bb3 44. Qe1 Bd5 45. Qh4+ Kg8 46. Qg3 Kh7 47. Qxg7+ Kxg7 48. g4 fxg4 49. hxg4 Kf6 50. Kg3 Bb7 51. Kh4 Ba6 52. Kh5 Kg7 53. Kg5 Bc4 54.
f5 exf5 55. gxf5 Ba2 56. Kf4 Kf6 57. Ng4+ Ke7 58. Nf2 1-0

[Event "*** Titled Tuesday Blitz"]
[Site "Chess.com"]
[Date "2021.02.16"]
[Round "8"]
[White "kingofthenil"]
[Black "ViditYT"]
[Result "1-0"]
[WhiteElo "2708"]
[BlackElo "2985"]
[TimeControl "180+1"]
[EndTime "11:30:03 PST"]
[Termination "kingofthenil won on time"]

1. e4 c5 2. d3 Nc6 3. g3 g6 4.
Bg2 Bg7 5. f4 d6 6. Nf3 Nf6 7. O-O O-O 8. Nc3 Rb8 9. h3 b5 10.
g4 b4 11. Ne2 Nd7 12. Kh1 Ba6 13. Rb1 Qa5 14. Be3 Bb5 15. Nc1 c4 16. Re1 cxd3 17.
cxd3 Rfc8 18. d4 Qa6 19. d5 Na5 20. Bd4 Bxd4 21. Qxd4 Rc4 22. Qd2 Rbc8 23. Nd4 R4c5 24. Ncb3 Nxb3 25. axb3 Qb6 26. Qxb4 a5 27. Qd2 Nf6 28.
g5 Nh5 29. Bf3 Bd7 30. Bxh5 gxh5 31. f5 Rb8 32. g6 Kg7 33. gxf7 Kxf7 34. Qh6 Rg8 35.
Qxh7+ Rg7 36. Qxh5+ Kg8 37. Rg1 Rc8 38. Rxg7+ Kxg7 39. Rg1+ Kf6 40. Nf3 1-0

[Event "*** Titled Tuesday Blitz"]
[Site "Chess.com"]
[Date "2021.02.16"]
[Round "8"]
[White "federicosellitti"]
[Black "IwkooO"]
[Result "0-1"]
[WhiteElo "2462"]
[BlackElo "2623"]
[TimeControl "180+1"]
[EndTime "11:30:03 PST"]
[Termination "IwkooO won by resignation"]

1. e4 c5 2. Nc3 e6 3. g3 d5 4. Bg2 dxe4 5. Nxe4 Be7 6. d3 Nf6 7. Nc3 O-O 8. Nf3 Nc6 9. O-O Nd5 10. Nxd5 Qxd5 11.
Be3 Qd7 12. c3 Rd8 13. Qb3 Qxd3 14. Rfd1 Qa6 15. Rxd8+ Nxd8 16. Rd1 Nc6 17. Ng5 Qb6 18. Qc2 Bxg5 19. Bxg5 f6 20. Be4 fxg5 21. Bxh7+ Kf8 22.
Qe4 Qc7 23. Rd3 Bd7 24. Rf3+ Ke7 25. Qg6 Ne5 26. Qxg7+ Kd6 27. Re3 Kc6 28. Rxe5 Qd6 29. Qxg5 Rf8 30. Be4+ Kb6 31. b4 cxb4 32. cxb4 Qxb4 33.
Bd3 Bc6 34. Qe3+ Kc7 35. Rxe6 Qc3 36. Re7+ Kd8 37. Re6 Qa1+ 38. Qe1 Qd4 39. Qe3 Qd5 40. Be4 Qxe6 41. Bxc6 Qxe3 42. fxe3 bxc6 0-1

[Event "*** Titled Tuesday Blitz"]
[Site "Chess.com"]
[Date "2021.02.16"]
[Round "8"]
[White "Gusarov91"]
[Black "GelmanAlexander"]
[Result "1-0"]
[WhiteElo "2446"]
[BlackElo "2587"]
[TimeControl "180+1"]
[EndTime "11:30:03 PST"]
[Termination "Gusarov91 won by checkmate"]

1. d4 Nf6 2. Nf3 c5 3. d5 e6 4. c4 b5 5. Bg5 exd5 6. cxd5 h6 7. Bf4 d6 8. e4 a6 9. Nbd2 g5 10. Bg3 Nh5 11. a4 b4 12. Bd3 Bg7 13. Qc2 O-O 14.
O-O Nxg3 15. hxg3 Nd7 16. Nc4 Nb6 17. Na5 Qf6 18. Rab1 Bg4 19. Nd2 h5 20. Ndc4 Nxc4 21. Bxc4 h4 22. gxh4 gxh4 23. Be2 Bd7 24. Nc4 Rfe8 25.
Nb6 Ra7 26. Nxd7 Rxd7 27. Bxa6 Rde7 28. Rfe1 Re5 29. Bb5 R8e7 30. Qd2 Rg5 31. f4 Rg4 32. e5 Qh6 33. exd6 Rxe1+ 34. Rxe1 Bd4+ 35. Qxd4 cxd4 36. d7 h3 37. d8=Q+ Kg7 38. Bf1 Qxf4 39. Qe7 h2+ 40. Kh1 Qf2 41. Qe5+ f6 42. Qe7+ Kh6 43. Qf8+ Kg5 44. Qg7+ Kh5 45. Qh7+ Kg5 46. Qg7+ Kh5 47. Qf7+ Kg5 48. Re5+ Kh4 49. Qh5+ Kg3 50. Qxh2# 1-0

[Event "*** Titled Tuesday Blitz"]
[Site "Chess.com"]
[Date "2021.02.16"]
[Round "8"]
[White "korkmaz16"]
[Black "CraiggoryC"]
[Result "1-0"]
[WhiteElo "2383"]
[BlackElo "2213"]
[TimeControl "180+1"]
[EndTime "11:30:03 PST"]
[Termination "korkmaz16 won on time"]

1. e4 e6 2. d4 d5 3. e5 c5 4. c3 Qb6 5. Nf3 Nc6 6. Bd3 cxd4 7. cxd4 Bd7 8. O-O Nxd4 9. Nxd4 Qxd4 10. Nc3 a6 11.
Qe2 Ne7 12. Kh1 Nc6 13. f4 Nb4 14. Rd1 Nxd3 15. Rxd3 Qb6 16. Be3 Bc5 17. Bxc5 Qxc5 18. f5 Rc8 19. f6 g6 20. Qd2 Bb5 21. Rd4 h5 22. Rd1 Kf8 23. h4 Kg8 24. Kh2 Kh7 25.
g4 hxg4 26. Rg1 Qc7 27. Qg5 Kg8 28. Rgxg4 Kf8 29. Qf4 Rh5 30. Rg5 Rxg5 31. Qxg5 Ke8 32. a4 Bc6 33. b4 Qb6 34. Qe3 Bd7 35. h5 Rc4 36. Ne2 Rxd4 37. Qxd4 Qxd4 38. Nxd4 gxh5 39. b5 axb5 40. axb5 Kd8 41. Kg3 Kc7 42. Kh4 Kb6 43.
Kxh5 Kc5 44. Ne2 Kxb5 45. Kh6 Kc4 46. Kg7 Be8 47. Kf8 Ba4 48. Kxf7 d4 49. Ke7 d3 50.
Ng3 d2 51. Nf1 Kd3 52. Nxd2 1-0

[Event "*** Titled Tuesday Blitz"]
[Site "Chess.com"]
[Date "2021.02.16"]
[Round "8"]
[White "MaxLeto"]
[Black "Skillcam"]
[Result "1-0"]
[WhiteElo "2355"]
[BlackElo "2472"]
[TimeControl "180+1"]
[EndTime "11:30:04 PST"]
[Termination "MaxLeto won by resignation"]

1. g4 d5 2. Bg2 e5 3. d4 e4 4.
g5 Ne7 5. c4 c6 6. Nc3 Nd7 7. h4 Nb6 8. c5 Nd7 9. Bf4 Ng6 10. Bg3 f5 11. e3 b6 12. b4 a5 13.
b5 Bb7 14. h5 Ne7 15. cxb6 Qxb6 16. Rb1 c5 17. Na4 Qd8 18. dxc5 f4 19. Bxf4 Nf5 20. c6 Bb4+ 21. Kf1 O-O 22. Qxd5+ Kh8 23. cxb7 Rb8 24. Bxe4 Ne7 25. Qd4 Nf5 26. Bxf5 Rxf5 27. Bxb8 Qxb8 28. Qxd7 Rf8 29. h6 Rg8 30. Nf3 Bd6 31. Rd1 Bb4 32. Nb6 Qf8 33. Kg2 gxh6 34. g6 Rxg6+ 35. Kf1 Rg8 36. Qc8 Qxf3 37. Qxg8+ Kxg8 38. b8=Q+ Bf8 39. Qg3+ Qxg3 40. fxg3 Bc5 41. Nd5 Kg7 42. Ke2 a4 43. Nf4 Bb6 44. Nh5+ Kg6 45. Rd6+ Kg5 46. Rxb6 a3 47. Ra6 1-0

[Event "*** Titled Tuesday Blitz"]
[Site "Chess.com"]
[Date "2021.02.16"]
[Round "8"]
[White "beautroll"]
[Black "Mr_Sinigami"]
[Result "0-1"]
[WhiteElo "2476"]
[BlackElo "2657"]
[TimeControl "180+1"]
[EndTime "11:30:05 PST"]
[Termination "Mr_Sinigami won on time"]

1. e4 d5 2. exd5 Nf6 3. d4 Nxd5 4. c4 Nb6 5. Nf3 g6 6. Nc3 Bg7 7. c5 Nd5 8. Bc4 c6 9. Qb3 O-O 10. Bxd5 cxd5 11. Qxd5 Nc6 12. Be3 Bg4 13. Rd1 Qxd5 14. Nxd5 Bxf3 15. gxf3 Rfd8 16. Nc3 Bxd4 17. Ke2 Bxc3 18.
bxc3 Rxd1 19. Rxd1 Rd8 20. Rb1 Rd7 21. f4 f5 22. h4 Kf7 23. a4 a6 24. h5 Kf6 25.
Rg1 Rd8 26. Rb1 Rd7 27. Rg1 gxh5 28. Rg5 h6 29. Rxh5 Kg6 30. Rh1 e6 31. Rg1+ Kf6 32.
Rh1 Rh7 33. Bd2 h5 34. Ke3 h4 35. Rh3 Ne7 36. c4 Ng6 37. Bc3+ Ke7 38. Bd4 Kd7 39. Kf3 Kc6 40. Rh1 Rd7 41. Be3 e5 42. fxe5 Nxe5+ 43. Kf4 Nxc4 44. Kxf5 Rh7 45. Bd4 h3 46. Rh2 Kd5 47.
Bf6 Kxc5 48. Kg4 Nb6 49. Rxh3 Rxh3 50. Kxh3 Nxa4 51. Kg4 Kd5 52. f4 Nc5 53. Be7 Ne4 54. Bd8 b5 0-1

[Event "*** Titled Tuesday Blitz"]
[Site "Chess.com"]
[Date "2021.02.16"]
[Round "8"]
[White "bait_or_mate"]
[Black "Loy_Konstantin"]
[Result "1-0"]
[WhiteElo "2552"]
[BlackElo "2379"]
[TimeControl "180+1"]
[EndTime "11:30:05 PST"]
[Termination "bait_or_mate won on time"]

1. d4 Nf6 2. c4 c5 3. Nf3 cxd4 4. Nxd4 e5 5. Nb5 d5 6. cxd5 Bc5 7. N1c3 O-O 8. g3 Qb6 9. e3 Bg4 10. Be2 Bxe2 11.
Qxe2 a6 12. Na3 Bxa3 13. bxa3 Qa5 14. Bd2 Nxd5 15. Nxd5 Qxd5 16. O-O Nc6 17. Bc3 Rfd8 18. Rfd1 Qc5 19. Qb2 b5 20. Bb4 Nxb4 21. axb4 Qe7 22. Rac1 g6 23. a3 Rxd1+ 24. Rxd1 Rc8 25. Rd5 f6 26.
Qd2 Qc7 27. Kg2 Qc6 28. e4 f5 29. Rxe5 fxe4 30. Qe3 Re8 31. Rc5 Qe6 32. Rc7 Re7 33. Rc3 Kg7 34. Qc5 Qe5 35. Qc6 Rf7 36. Re3 Qf5 37. Qc3+ Kh6 38. Qd2 Kg7 39. Qd4+ Kh6 40. Rxe4 g5 41. h4 Qf3+ 42. Kg1 1-0

[Event "*** Titled Tuesday Blitz"]
[Site "Chess.com"]
[Date "2021.02.16"]
[Round "8"]
[White "FMOlexandrProhorov"]
[Black "VFernandezB"]
[Result "0-1"]
[WhiteElo "2127"]
[BlackElo "2439"]
[TimeControl "180+1"]
[EndTime "11:30:05 PST"]
[Termination "VFernandezB won by resignation"]

1. e4 c5 2. c3 g6 3. d4 cxd4 4.
cxd4 d5 5. exd5 Nf6 6. Nc3 Bg7 7. Bb5+ Bd7 8. Bc4 O-O 9. Nge2 a6 10.
a4 Qc7 11. Bb3 Bf5 12. O-O Rd8 13. Nf4 Nbd7 14. Re1 Bf8 15. h3 h5 16. Bd2 Nb6 17. Rc1 Rac8 18. Qf3 Qd6 19. a5 Nc4 20. Bxc4 Rxc4 21. b3 Rcc8 22. Rb1 Bxb1 23. Rxb1 Bg7 24. Re1 Kf8 25. g4 hxg4 26. hxg4 Rxc3 27. Bxc3 Nxd5 28. Nxd5 Qxd5 29. Qg3 Bxd4 30. Bxd4 Qxd4 31. Qc7 Rd7 32. Qc8+ Kg7 33. Qc2 Qxg4+ 34. Kf1 Qd4 35. Qe2 Qd3 36. Qxd3 Rxd3 37. Rxe7 Rxb3 38. Rc7 Rb5 39. Ke2 g5 40. Ke3 Kg6 41. Ke4 f5+ 42. Ke3 Rb3+ 43. Ke2 g4 44. Rd7 Kg5 45. Rd6 Kf4 46. Rd5 Rb5 47. Rd7 Rb2+ 48.
Ke1 Ke4 49. Re7+ Kf3 50. Rd7 Rb1+ 51. Kd2 Kxf2 52. Rf7 Rb5 53. Rf6 g3 54. Kd3 g2 0-1

[Event "*** Titled Tuesday Blitz"]
[Site "Chess.com"]
[Date "2021.02.16"]
[Round "8"]
[White "InitiatingASC"]
[Black "SanchezKelvin"]
[Result "1-0"]
[WhiteElo "2433"]
[BlackElo "2392"]
[TimeControl "180+1"]
[EndTime "11:30:06 PST"]
[Termination "InitiatingASC won by resignation"]

1. Nf3 c5 2. g3 g6 3. Bg2 Bg7 4. O-O Nc6 5. d3 e5 6. c4 Nge7 7. Nc3 O-O 8. Ne1 d6 9. Nc2 a6 10. Ne3 Rb8 11. Rb1 b5 12. Ncd5 h6 13. a3 b4 14. axb4 Nxb4 15. Bd2 a5 16. Bc3 Be6 17.
Ra1 Bxd5 18. Nxd5 Nexd5 19. Bxd5 Nxd5 20. cxd5 Rb5 21. Ra4 Qa8 22. e4 f5 23. Qd2 f4 24.
f3 fxg3 25. hxg3 Qc8 26. Kg2 g5 27. Rxa5 Rb7 28. g4 h5 29. Qxg5 hxg4 30. Qxg4 Qe8 31. Rg1 Rf6 32. Kf2 Rbf7 33. Rg3 Rf4 34. Qg5 Qb8 35.
Ra1 c4 36. dxc4 Qb6+ 37. Kg2 Qb7 38. Rh1 Qc7 39. Qh5 Kf8 40. Bd2 Qxc4 41. Bxf4 Qe2+ 42. Kh3 Rxf4 43. Rhg1 Rf7 44. Rxg7 Rxg7 45. Qh8+ 1-0

[Event "*** Titled Tuesday Blitz"]
[Site "Chess.com"]
[Date "2021.02.16"]
[Round "8"]
[White "Angel_Hranitel_37"]
[Black "EugeneRougon"]
[Result "0-1"]
[WhiteElo "2499"]
[BlackElo "2729"]
[TimeControl "180+1"]
[EndTime "11:30:07 PST"]
[Termination "EugeneRougon won by resignation"]

1. g3 d5 2. d4 Nf6 3. Bg2 c6 4. Nf3 Bf5 5. c4 e6 6. O-O h6 7.
Nbd2 Bd6 8. b3 O-O 9. Bb2 Nbd7 10. Rc1 Qe7 11. e3 Ba3 12. Bxa3 Qxa3 13. Ra1 a5 14. Qc1 Qe7 15. a3 Rfc8 16. Qb2 b5 17. Ne5 Nxe5 18. dxe5 Nd7 19. e4 dxe4 20. Nxe4 Bxe4 21. Bxe4 bxc4 22. bxc4 Qc5 23. Qe2 Nxe5 24. Rfe1 Rab8 25. Qh5 Rb2 26. Re3 Rxf2 27. Rae1 Rf6 28. Kh1 Qd4 29. Qh4 c5 30. Qh3 Rb8 31. Qg2 Rb2 32. Bc2 Nxc4 33. R3e2 Rb8 34.
Rd1 Qc3 35. Qe4 g6 36. Rd3 Qa1+ 37. Kg2 Nxa3 38. Rf3 Rxf3 39. Qxf3 Nxc2 40. Rxc2 Rb2 41. Qa8+ Kg7 42. Qe4 Rxc2+ 43. Qxc2 Qd4 44. Qb3 Qd5+ 45.
Qf3 a4 0-1

[Event "*** Titled Tuesday Blitz"]
[Site "Chess.com"]
[Date "2021.02.16"]
[Round "8"]
[White "IngOscarArdila"]
[Black "Politov_Pavel"]
[Result "1-0"]
[WhiteElo "2185"]
[BlackElo "2392"]
[TimeControl "180+1"]
[EndTime "11:30:08 PST"]
[Termination "IngOscarArdila won by checkmate"]

1. d4 Nf6 2. c4 g6 3. Nc3 Bg7 4. e4 d6 5. Nf3 O-O 6. Be2 e5 7. d5 a5 8. O-O Na6 9. Bg5 h6 10. Bxf6 Qxf6 11. Qc2 Nc5 12. b3 Qe7 13. a3 f5 14. Nd2 f4 15. b4 Nd7 16. Bg4 Nf6 17. Bxc8 Rfxc8 18. Qd3 g5 19. h3 h5 20. f3 Kf7 21. bxa5 Rxa5 22. Nb3 Raa8 23. a4 Bh6 24. c5 Rg8 25. Kf2 g4 26. hxg4 hxg4 27. Ke2 gxf3+ 28. gxf3 Rg2+ 29. Rf2 Rag8 30. Rf1 Nh5 31. Nd1 Ng3+ 32. Ke1 Nxf1 33. Rxf1 Qh4+ 34. Nf2 Rh2 35. Qb5 Rgg2 36. Qd7+ Kg6 37. Qf5+ Kg7 38. Qd7+ Kh8 39. Qc8+ Kh7 40. Qf5+ Kg8 41. Qe6+ Kh8 42. Qc8+ Rg8 43. Qxc7 Rxf2 44. Rxf2 Qh1+ 45. Ke2 Bg5 46. Qxd6 Bh4 47.
Qh6# 1-0

[Event "*** Titled Tuesday Blitz"]
[Site "Chess.com"]
[Date "2021.02.16"]
[Round "8"]
[White "JoakimVonAnd"]
[Black "Margency"]
[Result "0-1"]
[WhiteElo "2564"]
[BlackElo "2687"]
[TimeControl "180+1"]
[EndTime "11:30:10 PST"]
[Termination "Margency won by resignation"]

1. d4 d5 2. c4 e6 3. Nc3 c5 4.
cxd5 exd5 5. Nf3 Nc6 6. dxc5 d4 7. Na4 Bxc5 8. Nxc5 Qa5+ 9. Bd2 Qxc5 10. Rc1 Qe7 11.
Bg5 Nf6 12. a3 O-O 13. g3 Rd8 14. Bg2 d3 15. e3 h6 16. Bxf6 Qxf6 17. Qd2 Bg4 18.
Ng1 Na5 19. Rc3 Rac8 20. Rxc8 Rxc8 21. f3 Nb3 22. Qxd3 Qxb2 23. Ne2 Nc1 24. Qd2 Qb1 25. Nc3 Qb3 26. O-O Qxc3 27. Qxc3 Ne2+ 28. Kf2 Nxc3 29. fxg4 b5 30. h4 a5 31. Bb7 Rd8 32. Rc1 b4 33.
axb4 axb4 34. Ba6 Rd2+ 35. Kf3 Kf8 36. Bc4 Ke7 37. g5 hxg5 38. hxg5 g6 39. e4 Rd4 40. Bd5 Rd3+ 41. Kf4 Ne2+ 42. Kg4 Nxc1 43. Bc4 Rc3 44. Bd5 b3 45. Bxb3 Nxb3 0-1

[Event "*** Titled Tuesday Blitz"]
[Site "Chess.com"]
[Date "2021.02.16"]
[Round "8"]
[White "Vuk2000"]
[Black "Chesseyat004"]
[Result "0-1"]
[WhiteElo "2660"]
[BlackElo "2503"]
[TimeControl "180+1"]
[EndTime "11:30:10 PST"]
[Termination "Chesseyat004 won on time"]

1. d4 Nf6 2. Bg5 e6 3. e4 h6 4. Bxf6 Qxf6 5. c3 d6 6. Bd3 Nd7 7. Ne2 b6 8. O-O Bb7 9. Nd2 g6 10. f4 Bg7 11. e5 Qe7 12. Be4 Bxe4 13. Nxe4 d5 14. Nf2 h5 15. Qd3 Nb8 16. Nd1 Qd7 17. Ne3 Nc6 18. b4 Ne7 19. a4 a5 20.
b5 O-O 21. h3 f6 22. g4 hxg4 23. hxg4 fxe5 24. fxe5 Rxf1+ 25. Rxf1 Rf8 26. Rxf8+ Bxf8 27. g5 Nf5 28. Nf4 Nxe3 29. Qxe3 Qf7 30. Kg2 Qf5 31. Nh3 Ba3 32. Qf3 Qxf3+ 33. Kxf3 Bb2 34. Nf4 Kf7 35. Ne2 Ba3 36. Ke3 Be7 37. Kf4 Ba3 38. c4 dxc4 39. Ke4 Be7 40. d5 Bxg5 41. Nd4 exd5+ 42. Kxd5 c3 43. Kc6 Be3 44. Nc2 Bc5 45. Kd7 g5 46. Ne1 g4 47. Nd3 Ba3 48. Kxc7 g3 49.
Kxb6 g2 0-1

[Event "*** Titled Tuesday Blitz"]
[Site "Chess.com"]
[Date "2021.02.16"]
[Round "8"]
[White "Guzman70"]
[Black "LileKoridze"]
[Result "1-0"]
[WhiteElo "2251"]
[BlackElo "2360"]
[TimeControl "180+1"]
[EndTime "11:30:10 PST"]
[Termination "Guzman70 won by resignation"]

1. d4 Nf6 2. Bf4 d5 3. e3 c5 4. c3 Nc6 5. Nd2 Bg4 6. Qb3 Qc8 7. h3 Bd7 8. Ngf3 e6 9. Ne5 Be7 10.
Nxd7 Qxd7 11. Be2 O-O 12. O-O a6 13. Nf3 b5 14. Ne5 Nxe5 15. Bxe5 Ne4 16. Qc2 Rfc8 17. Bd3 cxd4 18. exd4 b4 19. Bxe4 dxe4 20. Qxe4 bxc3 21. bxc3 a5 22. c4 a4 23. c5 Ra6 24. Rab1 Rac6 25.
Rfd1 h6 26. Qg4 Bf8 27. a3 Qd5 28. Qf3 Qd7 29. Qe4 Qa7 30. Rb4 Qa5 31. Qc2 Ra8 32. Rdb1 f6 33. Bg3 e5 34. Rb5 Qc7 35. Qc4+ Kh8 36. Rb7 Qc8 37. R1b5 exd4 38. Qxd4 Bxc5 39. Qg4 Bf8 40. Qg6 Rc1+ 41. Kh2 Rc5 42. R5b6 Rg5 43.
Qe4 Qe8 44. Qxe8 Rxe8 45. Rb8 Rxb8 46. Rxb8 Kg8 47. Bd6 Kh7 48. Bxf8 Rd5 49. Bb4 1-0

[Event "*** Titled Tuesday Blitz"]
[Site "Chess.com"]
[Date "2021.02.16"]
[Round "8"]
[White "Sadykov_Ramil"]
[Black "AlexOstrovskiy"]
[Result "1-0"]
[WhiteElo "2581"]
[BlackElo "2744"]
[TimeControl "180+1"]
[EndTime "11:30:11 PST"]
[Termination "Sadykov_Ramil won on time"]

1. e4 c6 2. Nc3 d5 3. Nf3 a6 4. d4 Bg4 5. Be2 e6 6. h3 Bh5 7. O-O Nf6 8. e5 Nfd7 9. Ne1 Bxe2 10. Nxe2 c5 11. c3 Nc6 12. Be3 Be7 13. f4 g6 14.
Nf3 b5 15. dxc5 Nxc5 16. Bxc5 Bxc5+ 17. Ned4 Qb6 18. Kh1 O-O 19. f5 exf5 20. e6 Nd8 21. exf7+ Nxf7 22. Qb3 Rad8 23. Rad1 Rfe8 24. Rd3 Re4 25.
Rfd1 Qd6 26. Nc2 Qf4 27. Rxd5 Rxd5 28. Qxd5 Bd6 29. Ncd4 Qe3 30. Qa8+ Kg7 31. Qxa6 b4 32. Qd3 bxc3 33. Qxc3 Qxc3 34. bxc3 Re3 35. Nb5 Bg3 36.
Kg1 g5 37. Kf1 g4 38. Nfd4 Kf6 39. a4 Ng5 40. a5 Ne4 41. a6 Nd2+ 42. Kg1 Ne4 43.
a7 Bf2+ 44. Kf1 g3 45. Nf3 1-0

[Event "*** Titled Tuesday Blitz"]
[Site "Chess.com"]
[Date "2021.02.16"]
[Round "8"]
[White "Nils_03"]
[Black "Skat2704"]
[Result "0-1"]
[WhiteElo "2358"]
[BlackElo "2545"]
[TimeControl "180+1"]
[EndTime "11:30:11 PST"]
[Termination "Skat2704 won by resignation"]

1. e4 c6 2. Nc3 d5 3. Nf3 dxe4 4.
Nxe4 Nf6 5. Nxf6+ exf6 6. Bc4 Bd6 7. Qe2+ Qe7 8. Qxe7+ Bxe7 9. O-O O-O 10. Re1 Bd6 11. d4 Bf5 12. c3 Nd7 13. Nh4 Bc2 14. Bd2 h5 15. g3 Rfe8 16. Ng2 Bf5 17. Bf4 Bxf4 18.
Nxf4 b5 19. Bb3 Nb6 20. Nxh5 a5 21.
a3 a4 22. Ba2 Nc4 23. Bxc4 bxc4 24. Nf4 Rab8 25. d5 Rxe1+ 26. Rxe1 g5 27. Nh5 cxd5 28.
Nxf6+ Kg7 29. Nxd5 Rxb2 30. h4 gxh4 31. gxh4 Rb3 32.
Re5 Bd3 33. Rg5+ Kf8 34. h5 Rxa3 35. h6 Rb3 36. Nf4 Bh7 37. Rg7 Be4 38. Rg5 a3 39.
Ra5 Rxc3 40. Kh2 Kg8 41. Nh5 Rf3 42. Ra6 Kh7 43. Nf6+ Rxf6 44. Rxf6 a2 45. Rxf7+ Kxh6 46. Ra7 Bb1 47. Kg3 c3 48. Kg4 c2 49. Ra6+ Kg7 50.
Ra7+ Kf6 51. Ra6+ Ke7 52. f4 c1=Q 53. Ra7+ Kd6 0-1

[Event "*** Titled Tuesday Blitz"]
[Site "Chess.com"]
[Date "2021.02.16"]
[Round "8"]
[White "Faqade"]
[Black "Grandelicious"]
[Result "1/2-1/2"]
[WhiteElo "2693"]
[BlackElo "2873"]
[TimeControl "180+1"]
[EndTime "11:30:12 PST"]
[Termination "Game drawn - insufficient material"]

1. e4 c6 2. d4 d5 3. Nd2 dxe4 4.
Nxe4 Nf6 5. Nxf6+ exf6 6. c3 Bd6 7. Bd3 O-O 8. Qc2 h6 9. Ne2 Qc7 10. Ng3 Re8+ 11. Be3 c5 12. O-O cxd4 13. Bxd4 Nc6 14. Be3 Be6 15. Bh7+ Kh8 16. Bf5 Bxg3 17. hxg3 Bxf5 18.
Qxf5 Re5 19. Qf3 Qe7 20. Rad1 Re8 21. Rd2 Qe6 22. b3 Rf5 23. Qd1 Re5 24. Rd6 Qf5 25.
Rd7 R8e7 26. Rxe7 Rxe7 27. Qe2 g5 28. Rd1 Kg7 29. c4 Qe4 30. Qb2 a6 31. Rd6 Ne5 32. c5 Ng4 33. b4 Nxe3 34. Qxf6+ Kg8 35.
Rd8+ Re8 36. Rxe8+ Qxe8 37. fxe3 Qxe3+ 38. Kh2 h5 39. c6 bxc6 40. Qxc6 h4 41. gxh4 Qf4+ 42. Kg1 Qd4+ 43. Kf1 Qa1+ 44. Kf2 Qxa2+ 45. Kf3 Qb3+ 46. Kg4 gxh4 47. Qxa6 Qg3+ 48. Kh5 Qxg2 49. Qc8+ Kg7 50. Qg4+ Qxg4+ 51. Kxg4 Kf6 52. Kxh4 Ke6 53. Kg5 Kd5 54.
Kf6 Kc6 55. Kxf7 Kb5 56. Ke6 Kxb4 1/2-1/2

[Event "*** Titled Tuesday Blitz"]
[Site "Chess.com"]
[Date "2021.02.16"]
[Round "8"]
[White "Buffy7"]
[Black "GM_LOADING"]
[Result "0-1"]
[WhiteElo "2634"]
[BlackElo "2510"]
[TimeControl "180+1"]
[EndTime "11:30:12 PST"]
[Termination "GM_LOADING won by resignation"]

1. c4 e6 2. Nf3 Nf6 3. g3 a6 4.
Bg2 b5 5. b3 c5 6. O-O Bb7 7.
Bb2 Be7 8. Nc3 Qb6 9. Rb1 d6 10.
a3 Nc6 11. d3 O-O 12. e3 Rac8 13. Qe2 Rfd8 14. Rfc1 d5 15. cxd5 exd5 16. Nh4 d4 17. Ne4 Nxe4 18. Bxe4 Bxh4 19. gxh4 Re8 20. f4 dxe3 21. Qg2 g6 22. h5 Rxe4 23. dxe4 Nd4 24. Bxd4 cxd4 25. Rxc8+ Bxc8 26. Qe2 Qf6 27. Rf1 Qh4 28. f5 gxf5 29. Qg2+ Kf8 30. exf5 Qf6 31. Qd5 e2 32. Re1 Qg5+ 33. Kh1 Qe7 34. f6 Qb7 35. Kg2 Qxd5+ 36. Kf2 d3 37. Rb1 d2 38. Kxe2 Qf5 39. Rg1 Be6 40. Kxd2 Qxf6 41. h6 Ke7 42. Re1 Qxh6+ 43. Kc3 Qxh2 44. Re3 Qc7+ 45. Kb4 a5+ 46.
Kxb5 Qb7+ 47. Kxa5 Qa7+ 48. Kb5 Qxe3 0-1